 Dungeon Crawl Stone Soup version 0.29.1-15-g9cfb28693d (webtiles) character file.

Game seed: 17287962559318014175

135265 Loveship the Warrior (level 17, -14/168 HPs)
             Began as a Formicid Abyssal Knight on June 8, 2023.
             Was the Champion of Lugonu.
             Demolished by a +3 lajatang of pain (16 damage)
             ... on level 2 of the Elven Halls.
             The game lasted 01:52:33 (42105 turns).

Loveship the Warrior (Formicid Abyssal Knight)     Turns: 42105, Time: 01:52:33

Health: -14/168    AC: 28    Str: 24    XL:     17   Next: 77%
Magic:  31/31      EV:  5    Int: 10    God:    Lugonu [******]
Gold:   2300       SH: 18    Dex: 16    Spells: 16/16 levels left

rFire   + + .      SeeInvis +   z - +8 broad axe of Flawed Execution {flame, *Rage rElec rPois SInv}
rCold   + + +      Faith    .   o - +1 kite shield
rNeg    . . .      Spirit   .   A - +4 crystal plate armour {rC+}
rPois   +          Reflect  +   (helmet unavailable)
rElec   +          Harm     .   v - scarf {repulsion}
rCorr   +          Rampage  .   G - +0 pair of gloves
Will    +....                   (no boots)
Stlth   ..........              l - amulet of reflection
HPRegen 0.38/turn               g - ring "Sunosuly" {Wiz rElec rC++ MP+9 Dex-2}
MPRegen 0.22/turn               U - ring of fire

@: resistant, repel missiles
A: permanent stasis, dig shafts and tunnels, antennae 3, four strong arms,
hooves 1, agile 1, low MP 1, robust 1, subdued magic 1
a: Dig, Shaft Self, Renounce Religion, Depart the Abyss, Bend Space, Banish,
Corrupt, Enter the Abyss


You were on level 2 of the Elven Halls.
You worshipped Lugonu.
Lugonu was exalted by your worship.
You visited 4 branches of the dungeon, and saw 24 of its levels.
You visited the Abyss 2 times.
You also visited: Ossuary, Gauntlet and Ice Cave.

You collected 2633 gold pieces.
You spent 333 gold pieces at shops.

Inventory:

Hand Weapons
 z - the +8 broad axe of Flawed Execution (weapon) {flame, *Rage rElec rPois SInv}
   (You found it on level 1 of the Lair of Beasts)

   It burns those it strikes, dealing additional fire damage.
   Big, fiery blades are also staple armaments of hydra-hunters.
   rElec:     It insulates you from electricity.
   rPois:     It protects you from poison.
   SInv:      It lets you see invisible.
   *Rage:     It berserks you when you make melee attacks (+20% chance).
 M - a +2 battleaxe of distortion
 V - the +4 morningstar of Dooh Qeru {venom, Dex+6}
   (You bought it in a shop on level 3 of the Dungeon)

   It poisons the flesh of those it strikes.
   Dex:       It affects your dexterity (+6).
Missiles
 h - 64 poisoned darts
 p - 6 boomerangs of dispersal
 w - 14 javelins
 D - 8 atropa-tipped darts
 E - 6 curare-tipped darts
 L - a throwing net
 N - 16 boomerangs (quivered)
Armour
 o - a +1 kite shield (worn)
 v - a scarf of repulsion (worn)
 A - a +4 crystal plate armour of cold resistance (worn)
 G - a +0 pair of gloves (worn)
 R - the +2 cloak "Imeg" {Fly Str+3}
   (You found it in a Gauntlet)

   Str:       It affects your strength (+3).
   Fly:       It grants you flight.
Jewellery
 a - a ring of willpower
 g - the ring "Sunosuly" (left hand) {Wiz rElec rC++ MP+9 Dex-2}
   (You found it on level 5 of the Lair of Beasts)

   [ring of wizardry]

   It improves your spell success rate.
   Dex:       It affects your dexterity (-2).
   rC:        It greatly protects you from cold.
   rElec:     It insulates you from electricity.
   MP:        It affects your magic capacity (+9).
 l - an amulet of reflection (around neck)
 u - a +6 ring of strength
 U - a ring of fire (right hand)
Wands
 c - a wand of light (5)
 k - a wand of mindburst (12)
 F - a wand of digging (3)
 O - a wand of polymorph (14)
 Q - a wand of roots (14)
 S - a wand of flame (51)
Scrolls
 j - 2 scrolls of immolation
 m - 4 scrolls of magic mapping
 n - a scroll of summoning
 q - 5 scrolls of vulnerability
 r - 5 scrolls of poison
 t - 3 scrolls of fear
 y - 3 scrolls of silence
 W - a scroll of brand weapon
 X - 4 scrolls of butterflies
Potions
 b - 5 potions of lignification
 d - 3 potions of curing
 e - 6 potions of brilliance
 i - 2 potions of invisibility
 x - 3 potions of flight
 B - 2 potions of cancellation
 C - 3 potions of ambrosia
 H - a potion of might
 I - 4 potions of mutation
 J - 6 potions of magic
 P - 4 potions of attraction
 T - a potion of resistance
 Z - 2 potions of heal wounds
Miscellaneous
 f - a tin of tremorstones (2/2)
 s - a condenser vane
 K - a phantom mirror
 Y - a box of beasts


   Skills:
 * Level 19.5 Fighting
 + Level 10.6(12.9) Axes
 - Level 11.8(13.4) Maces & Flails
 - Level 10.4 Throwing
 + Level 14.0 Armour
 - Level 0.8 Dodging
 - Level 10.1 Shields
 - Level 10.7 Invocations


You had 16 spell levels left.
You didn't know any spells.
Your spell library contained the following spells:

 Spells                   Type           Power      Damage    Failure   Level
 Apportation              Tloc           0%         N/A       100%        1
 Beastly Appendage        Tmut           0%         N/A       100%        1
 Magic Dart               Conj           0%         1d3       100%        1
 Necrotise                Necr           0%         1d4       100%        1
 Slow                     Hex            0%         N/A       100%        1
 Summon Small Mammal      Summ           0%         N/A       100%        1
 Call Imp                 Summ           0%         N/A       100%        2
 Searing Ray              Conj           0%         2d4       100%        2
 Static Discharge         Conj/Air       0%         3-3/arc   100%        2
 Sublimation of Blood     Necr           0%         N/A       100%        2
 Wereblood                Tmut           0%         N/A       100%        2
 Call Canine Familiar     Summ           0%         N/A       100%        3
 Confusing Touch          Hex            0%         N/A       100%        3
 Gell's Gravitas          Tloc           0%         N/A       100%        3
 Lesser Beckoning         Tloc           0%         N/A       100%        3
 Mephitic Cloud           Conj/Pois/Air  0%         N/A       100%        3
 Ozocubu's Armour         Ice            0%         N/A       100%        3
 Spider Form              Tmut/Pois      0%         N/A       100%        3
 Stone Arrow              Conj/Erth      0%         3d7       100%        3
 Summon Guardian Golem    Hex/Summ       0%         N/A       100%        3
 Teleport Other           Tloc           0%         N/A       100%        3
 Vampiric Draining        Necr           0%         2d6       100%        3
 Airstrike                Air            0%         2d(0-16)  100%        4
 Animate Armour           Summ/Erth      0%         N/A       100%        4
 Fulminant Prism          Conj/Hex       0%         3d6       100%        4
 Petrify                  Tmut/Erth      0%         N/A       100%        4
 Summon Lightning Spire   Summ/Air       0%         N/A       100%        4
 Agony                    Necr           0%         N/A       100%        5
 Alistair's Intoxication  Tmut/Pois      0%         N/A       100%        5
 Blade Hands              Tmut           0%         N/A       100%        5
 Borgnjor's Vile Clutch   Necr/Erth      0%         N/A       100%        5
 Irradiate                Conj/Tmut      0%         3d11      100%        5
 Lightning Bolt           Conj/Air       0%         1d11      100%        5
 Manifold Assault         Tloc           0%         N/A       100%        5
 Eringya's Noxious Bog    Tmut/Pois      0%         N/A       100%        6
 Dragon Form              Tmut           0%         N/A       100%        7
 Ozocubu's Refrigeration  Ice            0%         4d7       100%        7
 Storm Form               Tmut/Air       0%         N/A       100%        7
 Summon Hydra             Summ           0%         N/A       100%        7
 Maxwell's Capacitive Co  Air            0%         ∞         100%        8
 Shatter                  Erth           0%         3d5*      100%        9
 Blink                    Tloc           Unusable   N/A       N/A         2

Dungeon Overview and Level Annotations

Branches:
Dungeon (15/15)            Temple (0/1) D:7            Lair (5/5) D:9
 Spider (0/4) Lair:2        Slime (0/5) Lair:5          Orc (2/2) D:10
    Elf (2/3) Orc:2        Vaults (0/5) D:13         Depths (0/4) D:15
Ossuary (visited)           IceCv (visited)         Gauntlet (visited)
  Swamp: Lair:2-3    Shoals: Lair:2-3

Altars:
Ashenzari
Elyvilon
Hepliaklqana
Kikubaaqudgha
Makhleb
Ru
Sif Muna
Trog
Wu Jian
Xom
Yredelemnul
Zin
The Shining One
Jiyva

Shops:
D:2 :   D:3 (   D:11 (   Orc:2 [([*:

Annotations:
D:15 2 transporters, Xaxav's ghost, adept GrMo
Orc:2 corrupted
Abyss:1 Crazy Yiuf; Frances; Grinder


Innate Abilities, Weirdness & Mutations

You cannot be hasted, slowed, berserked, paralysed or teleported.
You can dig through walls and to a lower floor.
You have a pair of large antennae on your head. (SInv)
Your four strong arms can wield two-handed weapons with a shield.
You have large cloven feet.
You are agile. (Dex +4, Str/Int -1)
Your magical capacity is low. (-10% MP)
You are robust. (+10% HP)
Your spells are a little easier to cast, but a little less powerful.


Message History

Unknown command.
Unknown command.
You hit the +3 lajatang of pain but do no damage.
Your kick misses the +3 lajatang of pain.
The +3 lajatang of pain hits you!!
* * * LOW HITPOINT WARNING * * *
You block the +3 lajatang of pain's attack.
Unknown command.
Unknown command.
Unknown command.
Unknown command.
You slice the +3 lajatang of pain!! You burn the +3 lajatang of pain.
The +3 lajatang of pain is severely damaged.
You block the +3 lajatang of pain's attack. x2
Unknown command.
Unknown command.
Unknown command.
You hit the +3 lajatang of pain.
The +3 lajatang of pain is severely damaged.
You block the +3 lajatang of pain's attack.
The +3 lajatang of pain hits you!
* * * LOW HITPOINT WARNING * * *
Unknown command.
Unknown command.
Unknown command.
Unknown command.
You miss the +3 lajatang of pain.
Your kick misses the +3 lajatang of pain.
The +3 lajatang of pain is severely damaged.
You block the +3 lajatang of pain's attack.
Unknown command.
Unknown command.
Unknown command.
You hit the +3 lajatang of pain but do no damage.
Your kick misses the +3 lajatang of pain.
The +3 lajatang of pain is severely damaged.
The +3 lajatang of pain hits you!!
* * * LOW HITPOINT WARNING * * *
The +3 lajatang of pain hits you!
You die...

........#.#.#.#.### #.#
#.................####
#.#
#........##...##...#.#
#.#
#=...........)....#.#
#.#
#.......#.#.#.#.##.#
##.#####
#.......#...#...#.#
#.......
#.......###...##.#
####.###
#........##{..#(## #.#
#........###{#{#@# #.#
###########'{{###.# ###
#..{##### ###
++#{{{..####.## ##
##{{..○##○☼.##...##
.....°..○.°.e{.)☼○○○○
.......○.....#ee......
.......°.....###.......
........○..e## #(..○..


You could see a +3 lajatang of pain.

Vanquished Creatures
  Gastronok (D:12)
  Agnes (D:14)
  2 deep elf sorcerers
  A stone giant (D:15)
  A minotaur (Gauntlet)
  A dire elephant (Lair:4)
  The ghost of Libra00 the Grappler, a journeyman TrFi of Wu Jian (Lair:1)
  A deep elf high priest (Elf:1)
  Josephine (Lair:3)
  Fannar (Lair:1)
  10 hydras
  2 boulder beetles
  A rakshasa (D:15)
  A hell beast (Gauntlet)
  4 two-headed ogres
  8 centaur warriors
  3 death yaks
  A death knight (D:15)
  3 catoblepae
  Erica (Abyss:2)
  A tengu warrior (D:13)
  15 dancing weapons
  Urug (Lair:1)
  An orc high priest (Orc:2)
  14 deep elf knights
  Amaemon (Lair:1)
  A deep troll (shapeshifter) (Elf:1)
  21 deep elf zephyrmancers
  2 wizards (D:15)
  A lindwurm (Lair:5)
  8 deep elf archers
  20 deep elf pyromancers
  An oklob plant (Lair:5)
  An orc knight (Orc:1)
  3 cyclopes
  7 ugly things
  Maurice (D:8)
  8 elephants (Lair:4)
  3 manticores
  Joseph (D:8)
  2 ice statues
  4 black mambas
  2 molten gargoyles (Lair:3)
  An orange demon (Lair:1)
  2 torpor snails
  2 gargoyles
  A torpor snail (shapeshifter) (D:14)
  8 cane toads
  A smoke demon (Gauntlet)
  An unseen horror (shapeshifter) (D:15)
  3 kobold demonologists
  7 komodo dragons
  2 yaktaurs (D:13)
  4 rime drakes
  A hellion (Gauntlet)
  2 tengu conjurers (D:15)
  2 anaconda simulacra (IceCv)
  An efreet (D:15)
  2 trolls
  4 polar bears (Lair:5)
  4 hornets
  Prince Ribbit (D:6)
  A tarantella (shapeshifter) (D:14)
  7 slime creatures
  18 dream sheep
  Sigmund (D:3)
  A shadow (D:11)
  12 spriggans (Lair:5)
  3 water elementals
  2 air elementals
  8 wraiths
  2 dire elephant simulacra (IceCv)
  2 vampires
  4 wyverns
  4 basilisks
  3 fire elementals
  Grum (D:8)
  A steam dragon (D:8)
  55 yaks
  A redback (shapeshifter) (Elf:1)
  4 vampire mosquitoes (D:13)
  3 death yak simulacra
  2 wargs (Orc:1)
  3 harpy simulacra (IceCv)
  Edmund (D:6)
  2 hell hounds (Gauntlet)
  11 water moccasins
  A hydra simulacrum (IceCv)
  An acid dragon (D:13)
  2 ice beasts
  17 orc warriors
  8 black bears
  A sky beast (D:6)
  21 centaurs
  4 boggarts (Lair:5)
  8 ogres
  27 wolves
  5 phantoms
  9 kobold brigands
  9 bullfrogs
  A gnoll sergeant (D:9)
  4 scorpions
  3 earth elementals (Elf:1)
  2 cane toad simulacra (IceCv)
  10 two-headed ogre simulacra
  4 wights (D:10)
  A small abomination (Abyss:2)
  4 elephant simulacra
  A howler monkey (D:9)
  An electric eel (Lair:5)
  A crimson imp (D:15)
  5 lava snakes
  2 hounds
  3 jellies
  14 orc priests
  2 gnoll boudas
  Jessica (D:3)
  4 iguanas
  22 orc wizards
  6 hell rats
  4 spriggan simulacra
  4 troll simulacra
  2 polar bear simulacra
  4 wolf simulacra (IceCv)
  9 mummies
  16 gnolls
  9 adders
  11 naga simulacra
  3 river rats (Lair:1)
  5 white imps
  6 ufetubi
  3 dart slugs
  59 orcs
  7 endoplasms
  A giant cockroach (D:2)
  3 gnoll zombies (Ossuary)
  12 goblins
  4 hobgoblins
  6 jackals (D:4)
  2 quokkas (D:3)
  3 training dummies (D:11)
  9 ball pythons
  3 bats
  4 frilled lizards
  31 kobolds
  2 kobold zombies (Ossuary)
  3 orc zombies (Ossuary)
  11 rats
805 creatures vanquished.

Vanquished Creatures (others)
  An orc warlord (Orc:2)
  A two-headed ogre (Orc:2)
  A deep elf knight (Elf:2)
  3 orc knights (Orc:2)
  A deep elf pyromancer (Elf:1)
  3 orc sorcerers (Orc:2)
  A warg (Orc:2)
  14 orc warriors (Orc:2)
  An ogre (Orc:2)
  A lava snake (Lair:3)
  4 orc priests (Orc:2)
  6 orc wizards (Orc:2)
  10 orcs (Orc:2)
  2 bushes
  35 fungi
  123 plants
  10 starspawn tentacles (Orc:2)
217 creatures vanquished.

Grand Total: 1022 creatures vanquished

Notes
Turn   | Place    | Note
-------+----------+-------------------------------------------
     0 | Abyss:1  | Loveship the Formicid Abyssal Knight began the quest for
                  | the Orb.
     0 | Abyss:1  | Reached XP level 1. HP: 18/18 MP: 2/2
     1 | D:1      | Escaped the Abyss
   155 | D:1      | Found a faded altar of an unknown god.
   309 | D:1      | Reached XP level 2. HP: 24/24 MP: 3/3
   640 | D:1      | Reached XP level 3. HP: 30/30 MP: 5/5
  2207 | D:2      | Reached *** piety under Lugonu
  2208 | D:2      | Reached XP level 4. HP: 36/37 MP: 6/6
  2242 | D:2      | Found Fewuch's Book Emporium.
  2270 | D:2      | Reached skill level 1 in Shields
  2276 | D:2      | Reached skill level 4 in Fighting
  2670 | D:2      | Reached XP level 5. HP: 19/42 MP: 7/7
  3005 | D:3      | Noticed Grinder
  3024 | D:3      | Banished Grinder
  3025 | D:3      | Reached XP level 6. HP: 11/49 MP: 3/9
  3300 | D:3      | Identified the +8 sling of Corporal Punishment {freeze,
                  | Will- Str+5 Int+2 SInv}
  3345 | D:3      | Noticed Jessica
  3354 | D:3      | Killed Jessica
  3408 | D:3      | Reached XP level 7. HP: 55/55 MP: 10/10
  3410 | D:3      | Noticed Sigmund
  3413 | D:3      | Killed Sigmund
  3414 | D:3      | Reached skill level 5 in Fighting
  3414 | D:3      | Reached skill level 5 in Shields
  3591 | D:3      | Found Momotom's Antique Weapon Shop.
  3624 | D:3      | Found a shimmering blue altar of Sif Muna.
  3624 | D:3      | Found an ancient bone altar of Kikubaaqudgha.
  3624 | D:3      | Found a glowing golden altar of the Shining One.
  3624 | D:3      | Found an ornate altar of the Wu Jian Council.
  3632 | D:3      | Found a hazy altar of Hepliaklqana.
  3636 | D:3      | Found a shimmering altar of Xom.
  3779 | D:3      | Found a runed translucent door.
  3780 | D:3      | Noticed Crazy Yiuf
  4122 | D:3      | Banished Crazy Yiuf
  4341 | D:4      | Reached skill level 5 in Invocations
  4341 | D:4      | Reached XP level 8. HP: 61/62 MP: 11/11
  5297 | D:4      | Found a white marble altar of Elyvilon.
  5389 | D:4      | Reached **** piety under Lugonu
  5481 | D:4      | Reached skill level 6 in Fighting
  5481 | D:4      | Reached skill level 5 in Maces & Flails
  5715 | D:4      | Reached XP level 9. HP: 69/69 MP: 13/13
  5862 | D:5      | Entered Level 5 of the Dungeon
  5892 | D:5      | Noticed Edmund
  5984 | D:5      | Found a sand-covered staircase.
  5995 | Ossuary  | Entered an ossuary
  6338 | Ossuary  | Gained mutation: You are robust. (+10% HP) [potion of
                  | mutation]
  6338 | Ossuary  | Gained mutation: You have large cloven feet. [potion of
                  | mutation]
  6338 | Ossuary  | Gained mutation: You are agile. (Dex +4, Str/Int -1)
                  | [potion of mutation]
  7568 | D:6      | Noticed Prince Ribbit
  7588 | D:6      | Killed Prince Ribbit
  7976 | D:6      | Got the Parchment of the Mountains
  8022 | D:6      | Reached skill level 7 in Fighting
  8256 | D:6      | Killed Edmund
  8257 | D:6      | Reached skill level 10 in Shields
  8374 | D:6      | Found a glowing silver altar of Zin.
  8463 | D:6      | Reached XP level 10. HP: 58/86 MP: 15/15
  8957 | D:7      | Found a staircase to the Ecumenical Temple.
  9031 | D:7      | Reached skill level 8 in Fighting
  9075 | D:7      | Reached ***** piety under Lugonu
  9090 | D:7      | Found a basalt altar of Yredelemnul.
 10138 | D:8      | Noticed Maurice
 10155 | D:8      | Killed Maurice
 10156 | D:8      | Reached skill level 9 in Fighting
 10212 | D:8      | Found a burning altar of Makhleb.
 10249 | D:8      | Noticed Joseph
 10291 | D:8      | Killed Joseph
 10554 | D:8      | Noticed Grum
 10560 | D:8      | Killed Grum
 11437 | D:3      | Bought a slimy morningstar for 243 gold pieces
 11437 | D:3      | Identified the +4 morningstar of Dooh Qeru {venom, Dex+6}
                  | (You bought it in a shop on level 3 of the Dungeon)
 11757 | D:9      | Reached skill level 10 in Fighting
 11892 | D:9      | Reached XP level 11. HP: 99/99 MP: 17/17
 12350 | D:9      | Noticed a two-headed ogre
 12361 | D:9      | Killed a two-headed ogre
 12786 | D:9      | Noticed Erica
 12787 | D:9      | Banished Erica
 12788 | D:9      | Reached skill level 11 in Fighting
 12788 | D:9      | Found a staircase to the Lair.
 13045 | D:10     | Entered Level 10 of the Dungeon
 13149 | D:10     | Noticed a two-headed ogre
 13158 | D:10     | Banished a two-headed ogre
 13159 | D:10     | Reached skill level 10 in Invocations
 13351 | D:10     | Found a sacrificial altar of Ru.
 13757 | D:10     | Found a staircase to the Orcish Mines.
 13897 | D:10     | Reached skill level 12 in Fighting
 14253 | D:10     | Noticed a two-headed ogre
 14259 | D:10     | Killed a two-headed ogre
 14260 | D:10     | Reached XP level 12. HP: 112/113 MP: 17/20
 15099 | D:11     | Found Buun's Firing Range.
 15168 | D:11     | Reached skill level 1 in Throwing
 15304 | D:11     | Identified the +8 long sword "Beetlebane" {drain, Int+2}
 15334 | D:11     | Noticed a boulder beetle
 15348 | D:11     | Killed a boulder beetle
 15574 | D:11     | Gained mutation: Your magical capacity is low. (-10% MP) [a
                  | neqoxec]
 15578 | D:11     | Gained mutation: Your spells are a little easier to cast,
                  | but a little less powerful. [a neqoxec]
 15710 | D:11     | Noticed a centaur warrior
 15719 | D:11     | Killed a centaur warrior
 15794 | D:11     | Identified the +8 short sword of Unel {holy, rPois rC+
                  | Will+ Dex+4}
 16144 | D:11     | Reached skill level 13 in Fighting
 16194 | D:11     | Reached skill level 5 in Throwing
 16828 | D:12     | Reached skill level 10 in Maces & Flails
 16911 | D:12     | Noticed Frances
 16927 | D:12     | HP: 2/115 [orange demon[Frances] (11)]
 16928 | D:12     | Banished Frances
 16956 | D:12     | HP: 4/115 [cyclops/large rock (32)]
 17325 | D:12     | Reached XP level 13. HP: 108/116 MP: 18/18
 17399 | D:12     | Noticed Gastronok
 17421 | D:12     | Killed Gastronok
 18003 | D:12     | Noticed a six-headed hydra
 18011 | D:12     | Killed a six-headed hydra
 18504 | D:13     | Found a gate to the Vaults.
 18504 | D:13     | Noticed a boulder beetle
 18504 | D:13     | Noticed a yaktaur captain
 18557 | D:13     | Banished a yaktaur captain
 18566 | D:13     | Killed a boulder beetle
 18639 | D:13     | Found a frozen archway.
 18660 | IceCv    | Entered an ice cave
 19143 | IceCv    | Reached skill level 14 in Fighting
 19466 | IceCv    | Noticed a reaper
 19481 | IceCv    | Banished a reaper
 20711 | D:13     | Noticed a centaur warrior
 20718 | D:13     | Noticed a catoblepas
 20729 | D:13     | Killed a centaur warrior
 20747 | D:13     | HP: 3/124 [centaur/arrow[a centaur warrior] (12)]
 21146 | D:13     | Killed a catoblepas
 21306 | D:13     | Found a broken altar of Ashenzari.
 21462 | D:13     | Noticed a centaur warrior
 21474 | D:13     | Killed a centaur warrior
 21808 | D:13     | Reached skill level 10 in Throwing
 22257 | Lair:1   | Entered Level 1 of the Lair of Beasts
 22267 | Lair:1   | Noticed Urug
 22269 | Lair:1   | Noticed a six-headed hydra
 22281 | Lair:1   | Banished a six-headed hydra
 22283 | Lair:1   | Killed Urug
 22284 | Lair:1   | Reached XP level 14. HP: 23/133 MP: 14/19
 22314 | Lair:1   | Identified the +8 broad axe of Flawed Execution {flame,
                  | *Rage rElec rPois SInv}
 22353 | Lair:1   | Found a gate leading to a gauntlet.
 22358 | Gauntlet | Entered a Gauntlet
 22358 | Gauntlet | Found a transporter.
 22358 | Gauntlet | Found a transporter.
 22631 | Gauntlet | Found a runed translucent door.
 22633 | Gauntlet | Found a transporter.
 22635 | Gauntlet | Found a runed translucent door.
 22645 | Gauntlet | Found a transporter.
 22663 | Gauntlet | Found a transporter.
 22663 | Gauntlet | Found a transporter.
 22663 | Gauntlet | Found a transporter.
 22665 | Gauntlet | Found a transporter.
 22665 | Gauntlet | Found a transporter.
 22678 | Gauntlet | Found a transporter.
 22694 | Gauntlet | Found a transporter.
 22704 | Gauntlet | Found a transporter.
 22719 | Gauntlet | Found a transporter.
 22738 | Gauntlet | Found a transporter.
 23313 | Gauntlet | Identified the +2 cloak "Imeg" {Fly Str+3}
 23414 | Gauntlet | Identified the +9 spear of the Mind {distort, Fly rC+++
                  | Str-2}
 23414 | Gauntlet | Noticed a minotaur
 23425 | Gauntlet | Killed a minotaur
 23551 | Lair:1   | Noticed Amaemon
 23574 | Lair:1   | Killed Amaemon
 23989 | Lair:1   | Reached skill level 5 in Armour
 24363 | Lair:1   | Found a runed translucent door.
 24407 | Lair:1   | Noticed Libra00's ghost (journeyman TrFi)
 24537 | Lair:1   | Reached skill level 1 in Axes
 24897 | Lair:1   | Killed Libra00's ghost
 25044 | Lair:2   | Noticed Fannar
 25131 | Lair:1   | Killed Fannar
 25581 | Lair:2   | Identified the +1 robe "Ryzotyb" {rF+ rC- Int+2 Dex+3}
 25711 | Lair:2   | Found a hole to the Spider Nest.
 27351 | Lair:3   | Noticed Josephine
 27382 | Lair:3   | Killed Josephine
 27891 | Lair:4   | Reached XP level 15. HP: 134/139 MP: 20/20
 28072 | Lair:4   | Reached skill level 5 in Axes
 28217 | Lair:4   | Reached skill level 10 in Armour
 28343 | Lair:4   | Reached ****** piety under Lugonu
 28877 | Lair:5   | Entered Level 5 of the Lair of Beasts
 29395 | Lair:5   | Reached skill level 15 in Fighting
 30747 | Lair:5   | Identified the ring "Sunosuly" {Wiz rElec rC++ MP+9 Dex-2}
 30949 | Lair:5   | Reached skill level 16 in Fighting
 31313 | Lair:5   | Found a viscous altar of Jiyva.
 31314 | Lair:5   | Found a staircase to the Slime Pits.
 32712 | D:14     | Reached XP level 16. HP: 152/152 MP: 21/21
 32721 | D:14     | Noticed Agnes
 32737 | D:14     | Killed Agnes
 33685 | D:15     | Entered Level 15 of the Dungeon
 33686 | D:15     | Found an ancient bone altar of Kikubaaqudgha.
 33718 | D:15     | Found a transporter.
 33722 | D:15     | Found a transporter.
 33727 | D:15     | Found a bloodstained altar of Trog.
 33727 | D:15     | Noticed Xaxav's ghost (adept GrMo)
 34230 | Abyss:2  | Cast into level 2 of the Abyss (a wizard)
 34246 | Abyss:2  | Killed Erica
 34340 | D:15     | Escaped the Abyss
 34351 | D:15     | Reached skill level 17 in Fighting
 34487 | D:15     | Found a staircase to the Depths.
 35291 | Orc:1    | Entered Level 1 of the Orcish Mines
 35770 | Orc:2    | Entered Level 2 of the Orcish Mines
 35817 | Orc:2    | Found a staircase to the Elven Halls.
 35849 | Orc:2    | Corrupted Orc:2
 35849 | Orc:2    | Found Nump's Book Shoppe.
 35852 | Orc:2    | Noticed a tentacled starspawn
 35854 | Orc:2    | Noticed a tentacled starspawn
 35860 | Orc:2    | Noticed a tentacled starspawn
 35861 | Orc:2    | Noticed a profane servitor
 35875 | Orc:2    | Found Cetwoob's Antique Armour Shoppe.
 35879 | Orc:2    | Found Woing's Antique Weapon Shoppe.
 35891 | Orc:2    | Found Ulutz's General Store.
 35910 | Orc:2    | Noticed a black draconian knight
 35952 | Orc:2    | Bought a potion of lignification for 45 gold pieces
 35952 | Orc:2    | Bought a potion of curing for 45 gold pieces
 36316 | Orc:2    | Found Widein's Armour Boutique.
 36918 | Elf:1    | Entered Level 1 of the Elven Halls
 38060 | Elf:1    | Noticed a deep elf sorcerer
 38077 | Elf:1    | Killed a deep elf sorcerer
 38109 | Elf:1    | Reached skill level 18 in Fighting
 38538 | Elf:1    | Reached XP level 17. HP: 157/165 MP: 22/22
 40313 | Elf:2    | Reached skill level 10 in Axes
 40344 | Elf:2    | Reached skill level 19 in Fighting
 41544 | Elf:2    | Identified a +2 battleaxe of distortion (a +0 battleaxe
                  | corrupted by Lugonu)
 41544 | Elf:2    | Received a gift from Lugonu
 41923 | Elf:2    | Found a runed translucent gate.
 41925 | Elf:2    | Found a runed translucent gate.
 41928 | Elf:2    | Found a runed translucent gate.
 42059 | Elf:2    | Noticed a deep elf blademaster
 42105 | Elf:2    | HP: 2/168 [+3 lajatang of pain (24)]
 42105 | Elf:2    | Demolished by a +3 lajatang of pain

Illustrated notes

Levels and vault maps discovered:
D:1:      co_arrival_random_square_maze, layout_basic,
          chequers_ecumenical_altar_simple, roderic_roman_lattice
D:2:      layout_basic, serial_shops, shop
D:3:      layout_loops_ring, minmay_overflow_temple_hex, serial_shops,
          shop_statue, kennysheep_jessica_study, uniq_sigmund, uniq_grinder,
          uniq_crazy_yiuf_cottage
D:4:      minmay_diamond_boxcup, layout_loops_ring, kennysheep_little_box,
          roderic_lattice_a, chequers_avenue
D:5:      layout_basic, gup_ossuary_entry_pyramid, uniq_edmund
D:6:      layout_loops_ring, lemuel_crystal_altar, st_stairs_13,
          uniq_prince_ribbit1
D:7:      layout_gridville, mainiacjoe_overflow_catwalk,
          minmay_temple_entry_poolview
D:8:      layout_gridville, lightli_temple_of_fire, lemuel_flamethrower_2,
          uniq_maurice, uniq_grum, uniq_joseph
D:9:      layout_loops_ring, david_lair_shrubbed, uniq_erica
D:10:     layout_layer_cave, mainiacjoe_overflow_surrounded_room, orc_0_dummy,
          enter_bailey_3
D:11:     layout_small_grid, kennysheep_big_empty_room,
          nicolae_shop_firing_range
D:12:     layout_basic, uniq_frances, uniq_gastronok
D:13:     layout_roguey, david_vaults_2, portal_ice_cave_entry_ice_simulacra,
          evilmike_ruin_ashenzari
D:14:     layout_loops_ring, uniq_agnes
D:15:     grunt_enter_depths_giant_problem, layout_rooms,
          gammafunk_ghost_wrathful_warriors,
          nicolae_kikubaaqudgha_miasma_corner, lightli_wizard_tower
Lair:1:   layout_regular_city, gauntlet_entry_generic,
          ebering_ghost_reflecting_pool, kennysheep_abandoned_house,
          infiniplex_staircase_pool_2, uniq_amaemon, uniq_urug
Lair:2:   layout_loops_ring, dummy_spider_entry, uniq_fannar
Lair:3:   cheibrodos_magma_flow, layout_cave_pods, minmay_swamp_entry_swarm,
          uniq_josephine
Lair:4:   layout_concentric_octagons, nicolae_lair_grazing_beasts
          [nicolae_sub_lair_graze_edge, nicolae_sub_lair_graze_edge,
          nicolae_sub_lair_graze_edge, nicolae_sub_lair_graze_edge]
Lair:5:   minmay_lair_end_enchanted_forest, layout_regular_city, slime_entry_1,
          grunt_megastairs_1, serial_bayou_shore_a
Orc:1:    layout_caves
Orc:2:    grunt_orc_cross, layout_caves, serial_shops, shop, basic_altar
Elf:1:    minmay_elf_arrival_plus, layout_onion_city,
          kennysheep_underground_church
Elf:2:    elven_hall_of_blades_hangedman_original
          [nicolae_vaults_blade_armed_guards], layout_gridlike, evilmike_ambush
          [evilmike_ambush_outer_basic, evilmike_ambush_inner_pond]

Skill      XL: |  1  2  3  4  5  6  7  8  9 10 11 12 13 14 15 16 17 |
---------------+----------------------------------------------------+-----
Invocations    | 3 4 5 6 7 9 10 | 10.7
Shields        | 2 4 6 8 10 | 10.1
Fighting       | 4 5 6 7 10 12 13 14 16 18 19 | 19.5
Maces & Flails | 3 4 5 6 7 9 10 11 | 11.8
Throwing       | 6 10 | 10.4
Armour         | 9 11 13 14 | 14.0
Axes           | 4 7 9 10 | 10.6
Dodging        | |  0.8

Action                   |  1- 3 |  4- 6 |  7- 9 | 10-12 | 13-15 | 16-18 || total
-------------------------+-------+-------+-------+-------+-------+-------++-------
Melee: Mace              |    91 |    73 |   369 |       |       |       ||   533
       Punch             |     2 |       |       |       |       |       ||     2
       Dire flail        |       |       |    18 |   689 |   355 |       ||  1062
       Kick              |       |       |       |   121 |   466 |   210 ||   797
       Morningstar       |       |       |       |       |   775 |   175 ||   950
       Broad axe         |       |       |       |       |     9 |   386 ||   395
 Fire: Sling             |       |     4 |    71 |     2 |       |       ||    77
Throw: Stone             |       |       |       |    21 |       |       ||    21
       Boomerang         |       |       |       |     8 |     3 |     8 ||    19
       Dart              |       |       |       |     6 |     5 |    18 ||    29
Invok: Banish            |       |     1 |     1 |     6 |     5 |     1 ||    14
       Bend Space        |       |       |       |     1 |     2 |       ||     3
       Corrupt           |       |       |       |       |       |     1 ||     1
       Brand Weapon With |       |       |       |       |       |     1 ||     1
 Abil: Dig               |       |       |     1 |     2 |       |     1 ||     4
Evoke: Wand              |       |       |       |       |       |     2 ||     2
  Use: Scroll            |       |     2 |     3 |    15 |    10 |       ||    30
       Potion            |       |     2 |     4 |     6 |    10 |     6 ||    28
 Stab: Sleeping          |     3 |     1 |     1 |       |       |       ||     5
       Invisible         |       |       |       |       |    12 |       ||    12
Armor: Leather armour    |    35 |    26 |       |       |       |       ||    61
       Ring mail         |       |       |   102 |       |       |       ||   102
       Skin              |       |       |    19 |       |       |       ||    19
       Chain mail        |       |       |    17 |   126 |       |       ||   143
       Plate armour      |       |       |       |    75 |    80 |       ||   155
       Crystal plate arm |       |       |       |       |   663 |   304 ||   967
Dodge: Dodged            |    57 |    29 |   136 |    94 |   175 |   106 ||   597
       Repelled          |       |     1 |     1 |     6 |     3 |    13 ||    24
Block: Kite shield       |    10 |    33 |   272 |   420 |  1068 |   528 ||  2331
       Reflection        |       |       |       |       |     7 |    64 ||    71
